 Dungeon Crawl Stone Soup version 0.13-a0-2348-g42d4ca8 (console) character file.

11470 Kellhus the Geomancer (level 11, 65/65 HPs)
             Began as an Octopode Wizard on June 22, 2013.
             Was a High Priest of Sif Muna.
             Quit the game on Level 10 of the Dungeon on July 10, 2013.
             The game lasted 00:47:10 (16770 turns).

Kellhus the Geomancer (Octopode Wizard)            Turns: 16770, Time: 00:47:11

HP  65/65        AC  2     Str  7      XL: 11   Next: 69%
MP  27/27        EV 17     Int 24      God: Sif Muna [*****.]
Gold 587         SH  8     Dex 12      Spells:  8 memorised,  8 levels left

Res.Fire  : . . .   See Invis. : .   j - +1,+2 whip (elec)
Res.Cold  : . . .   Warding    : .   I - +0 buckler
Life Prot.: . . .   Conserve   : .   b - +1 wizard hat
Res.Poison: .       Res.Corr.  : .   w - amulet of clarity
Res.Elec. : .       Clarity    : +   k - +2 ring of dexterity
Sust.Abil.: . .     Spirit.Shd : .   z - ring of flight
Res.Mut.  : .       Stasis     : .   N - +3 ring of evasion
Res.Rott. : .       Flight     : .   (no ring)
Saprovore : . . .                    (no ring)
                                     (no ring)
                                     (no ring)
                                     (no ring)

@: somewhat resistant to hostile enchantments, quite stealthy
A: almost no armour, amphibious, 8 rings, constrict 8, camouflage 1, AC +1
a: Channel Energy, Forget Spell, Renounce Religion, Evoke Flight


You were on level 10 of the Dungeon.
You worshipped Sif Muna.
Sif Muna was exalted by your worship.
You were not hungry.

You visited 2 branches of the dungeon, and saw 11 of its levels.

You collected 567 gold pieces.

Inventory:

Hand weapons
 e - a +3,+1 elven dagger of venom (quivered)
 j - a +1,+2 whip of electrocution (weapon)
Armour
 b - a +1 wizard hat (worn)
 I - a +0 buckler (worn)
Magical devices
 m - a wand of enslavement (5)
 G - a wand of cold (13)
 R - a wand of lightning (4)
 S - a wand of frost (12)
Comestibles
 a - an apple
 d - 4 bread rations
 f - a snozzcumber
 q - a pear
 r - 12 strawberries
 t - 6 meat rations
 E - a banana
 F - a chunk of hound flesh
 M - 3 chokos
Scrolls
 g - 2 scrolls of identify
 l - 4 scrolls of teleportation
 n - 5 scrolls of remove curse
 o - 5 scrolls of fog
 s - a scroll of blinking
 O - a scroll of fear
Jewellery
 i - an uncursed amulet of rage
 k - a +2 ring of dexterity (left tentacle)
 w - an amulet of clarity (around mantle)
 z - a ring of flight (right tentacle)
 B - an uncursed amulet of resist mutation
 N - a +3 ring of evasion (on tentacle)
 P - an uncursed amulet of resist mutation
Potions
 h - 5 potions of curing
 u - a potion of agility
 J - a potion of invisibility
 L - a potion of magic
 T - a potion of brilliance
Books
 c - a book of Minor Magic

   Spells                             Type                      Level
   *Magic Dart                        Conjuration                  1
   *Blink                             Translocation                2
   Call Imp                           Summoning                    2
   *Repel Missiles                    Charms/Air                   2
   Slow                               Hexes                        2
   *Conjure Flame                     Conjuration/Fire             3
   *Mephitic Cloud                    Conjuration/Poison/Air       3
 A - a book of Geomancy

   Spells                             Type                      Level
   Sandblast                          Earth                        1
   *Stoneskin                         Transmutation/Earth          2
   Passwall                           Transmutation/Earth          3
   *Stone Arrow                       Conjuration/Earth            3
   Petrify                            Transmutation/Earth          4
   Lee's Rapid Deconstruction         Earth                        5
 Q - a book of Annihilations {highlevel}

   This book is beyond your current level of understanding.

   Spells                             Type                      Level
   Poison Arrow                       Conjuration/Poison           6
   Orb of Destruction                 Conjuration                  7
   Chain Lightning                    Conjuration/Air              8
   Lehudib's Crystal Spear            Conjuration/Earth            8
   Ice Storm                          Conjuration/Ice              9
   Fire Storm                         Conjuration/Fire             9


   Skills:
 - Level 5.1 Fighting
 - Level 5.6 Dodging
 - Level 2.6 Stealth
 - Level 1.8 Shields
 + Level 7.9 Spellcasting
 - Level 6.0 Conjurations
   Level 1.0 Summonings
 - Level 1.0 Translocations
 - Level 12.3 Earth Magic
 - Level 5.0 Invocations


You had 8 spell levels left.
You knew the following spells:

 Your Spells              Type           Power        Failure   Level  Hunger
a - Magic Dart            Conj           ####         1%          1    None
b - Conjure Flame         Conj/Fire      ###.....     6%          3    None
c - Mephitic Cloud        Conj/Pois/Air  ###.....     12%         3    None
d - Stone Arrow           Conj/Erth      ######       1%          3    None
e - Apportation           Tloc           ##........   6%          1    None
l - Blink                 Tloc           N/A          10%         2    None
r - Repel Missiles        Chrm/Air       #.........   12%         2    None
t - Stoneskin             Trmt/Erth      #####.....   1%          2    None


Dungeon Overview and Level Annotations

Branches:
Dungeon (10/27)            Temple (1/1) D:4             Orc (0/4) D:8
   Lair: D:8-13

Altars:
Ashenzari
Cheibriados
Elyvilon
Fedhas
Kikubaaqudgha
Makhleb
Nemelex Xobeh
Okawaru
Sif Muna
Trog
Vehumet
Xom
Yredelemnul
Zin
the Shining One

Shops:
D:5: [([(} D:6: ! D:9: }


Innate Abilities, Weirdness & Mutations

You cannot wear most types of armour.
You are amphibious.
You can wear up to eight rings at the same time.
You can use your tentacles to constrict many enemies at once.
Your skin changes colour to match your surroundings (Stlth).
Your rubbery body absorbs attacks (AC +1).


Message History

You feel strangely unstable.
It was a scroll of teleportation.
Read which item? (? for menu, Esc to quit)
As you read the scroll labeled IQAEGR OSELO, it crumbles to dust.
You feel as if something is helping you.
It was a scroll of remove curse.
Read which item? (? for menu, Esc to quit)
As you read the scroll labeled HILOIF VOEGO, it crumbles to dust.
The scroll dissolves into smoke.
It was a scroll of fog.
You start waiting.
Your surroundings suddenly seem different.
Char dumped successfully.
Save game and exit?
Welcome back, Kellhus the Octopode Wizard.
Sif Muna whispers: I know many secrets...
Press ? for a list of commands and other information.
Save game and exit?
Welcome back, Kellhus the Octopode Wizard.
Sif Muna whispers: I know many secrets...
Press ? for a list of commands and other information.
Are you sure you want to abandon this character and quit the game? (Confirm with "yes".)

#..# #..# #..# #..# #..# #..#
#..# #..# #@.# # #..# # #..# ##
#..# .#### #..#### §§§.#
#.....## §§#§############......#
§§§§...............#..#####
###§........#.............######


There were no monsters in sight!

Vanquished Creatures
  Pikel (D:4)
  A hydra zombie (D:9)
  A hill giant skeleton (D:8)
  Grinder (D:4)
  2 trolls
  A two-headed ogre (D:10)
  The ghost of winlu the Changer, an average OpTm (D:5)
  8 yaks (D:9)
  A wraith (D:10)
  A wyvern (D:8)
  A merfolk (D:7)
  A hippogriff (D:8)
  A manticore (D:7)
  A manticore zombie (D:6)
  2 necrophages
  A yellow wasp (D:7)
  A troll zombie (D:10)
  7 ogres
  4 slaves (D:4)
  5 ice beasts
  6 orc warriors
  6 centaurs
  3 boring beetles (D:8)
  3 sky beasts
  A hippogriff skeleton (D:9)
  Sigmund (D:3)
  Duvessa (D:4)
  A big kobold (D:9)
  2 water moccasins
  A centaur zombie (D:6)
  6 giant frogs
  A giant frog skeleton (D:6)
  Blork the orc (D:4)
  A wight (D:9)
  8 killer bees
  9 crimson imps
  2 goliath beetles (D:8)
  Dowan (D:4)
  An ogre skeleton (D:4)
  3 big fish (D:7)
  Crazy Yiuf (D:3)
  5 orc priests
  5 hounds
  A hound skeleton (D:9)
  2 iguanas
  2 quasits
  9 orc wizards
  12 scorpions
  5 jellies
  7 worker ants
  A worker ant zombie (D:5)
  14 adders
  A giant centipede (D:9)
  3 gnolls (D:9)
  An adder zombie (D:9)
  5 giant mites
  An iguana skeleton (D:8)
  An inept feature mimic (D:8)
  6 worms
  3 giant eyeballs
  6 giant geckos
  A gnoll skeleton (D:4)
  2 oozes
  43 orcs
  3 ball pythons
  5 giant cockroaches
  17 hobgoblins
  8 jackals
  5 quokkas
  19 bats
  A giant gecko zombie (D:6)
  A giant newt (D:1)
  16 goblins
  A goblin zombie (D:5)
  A hobgoblin skeleton (D:4)
  24 kobolds
  A kobold skeleton (D:6)
  An orc skeleton (D:4)
  A quokka zombie (D:5)
  17 rats
  2 rat skeletons
  40 ballistomycetes (D:8)
  A plant (D:6)
401 creatures vanquished.

Vanquished Creatures (collateral kills)
  A killer bee (D:7)
1 creature vanquished.

Vanquished Creatures (others)
  2 killer bees
  A big fish (D:5)
  2 giant geckos
  An orc (D:6)
  A bat (D:5)
  A giant newt (D:5)
  6 giant spores (D:8)
  5 jackals
  A kobold (D:2)
  A quokka (D:4)
  2 rats
23 creatures vanquished.

Grand Total: 425 creatures vanquished

Notes
Turn   | Place    | Note
--------------------------------------------------------------
     0 | D:1      | Kellhus, the Octopode Wizard, began the quest for the Orb.
     0 | D:1      | Reached XP level 1. HP: 9/9 MP: 5/5
   289 | D:1      | Reached XP level 2. HP: 15/15 MP: 5/7
   879 | D:2      | Reached XP level 3. HP: 19/19 MP: 7/9
  1483 | D:2      | Reached XP level 4. HP: 9/25 MP: 6/11
  2063 | D:2      | Reached skill level 4 in Conjurations
  2226 | D:3      | Noticed Sigmund
  2231 | D:3      | HP: 1/25 [Sigmund/wand of magic darts (11)]
  2237 | D:2      | Learned a level 3 spell: Conjure Flame
  2241 | D:2      | Learned a level 3 spell: Mephitic Cloud
  2538 | D:3      | Killed Sigmund
  2538 | D:3      | Reached skill level 5 in Conjurations
  2538 | D:3      | Reached XP level 5. HP: 29/29 MP: 2/12
  2854 | D:3      | Learned a level 3 spell: Stone Arrow
  3026 | D:3      | Noticed Crazy Yiuf
  3191 | D:3      | Killed Crazy Yiuf
  3346 | D:3      | Reached XP level 6. HP: 31/35 MP: 9/14
  3564 | D:4      | Reached skill level 6 in Conjurations
  3642 | D:4      | Found a staircase to the Ecumenical Temple.
  3650 | Temple   | Entered the Ecumenical Temple
  3734 | Temple   | Became a worshipper of Sif Muna the Loreminder
  3767 | D:4      | Noticed Pikel
  4017 | D:4      | Noticed Grinder
  4106 | D:4      | Paralysed by Grinder for 6 turns
  4115 | D:4      | Paralysed by Grinder for 6 turns
  4122 | D:4      | Killed Grinder
  4122 | D:4      | Reached XP level 7. HP: 21/39 MP: 1/18
  4299 | D:4      | Noticed Duvessa
  4319 | D:4      | Killed Duvessa
  4319 | D:4      | Acquired Sif Muna's first power
  4319 | D:4      | Reached skill level 5 in Spellcasting
  4321 | D:4      | Noticed Dowan
  4323 | D:4      | Killed Dowan
  4323 | D:4      | Reached skill level 1 in Earth Magic
  4594 | D:4      | Noticed Blork the orc
  4602 | D:4      | Killed Blork the orc
  4997 | D:4      | Noticed a necrophage
  5001 | D:4      | Killed a necrophage
  5001 | D:4      | Reached XP level 8. HP: 41/45 MP: 10/20
  5077 | D:4      | Learned a level 2 spell: Stoneskin
  5162 | D:4      | Found a white marble altar of Elyvilon.
  6139 | D:4      | Killed Pikel
  6139 | D:4      | Acquired Sif Muna's second power
  6224 | D:5      | Entered Level 5 of the Dungeon
  6224 | D:5      | Found a white marble altar of Elyvilon.
  6224 | D:5      | Noticed winlu's ghost (average OpTm)
  6441 | D:5      | Found Rafeb's Armour Boutique.
  6511 | D:5      | Killed winlu's ghost
  6511 | D:5      | Reached skill level 7 in Earth Magic
  6511 | D:5      | Reached XP level 9. HP: 49/49 MP: 11/21
  7007 | D:5      | Found Brexzu's Antique Weapon Emporium.
  7015 | D:5      | Found Prealol's Antique Armour Boutique.
  7077 | D:5      | Found Plunyng's Gadget Shop.
  7082 | D:5      | Found Duerpho's Weapon Shop.
  7258 | D:5      | Reached skill level 8 in Earth Magic
  7454 | D:6      | Found Klaurph's Distillery.
  7730 | D:6      | Found an ancient bone altar of Kikubaaqudgha.
  8045 | D:6      | Reached skill level 9 in Earth Magic
  8447 | D:6      | Learned a level 2 spell: Blink
  8450 | D:6      | Learned a level 2 spell: Repel Missiles
  8791 | D:6      | Reached skill level 1 in Fighting
  9205 | D:7      | Reached XP level 10. HP: 53/56 MP: 3/24
  9727 | D:7      | Reached skill level 1 in Shields
 10272 | D:8      | Found a staircase to the Orcish Mines.
 10800 | D:8      | Found a staircase to the Lair.
 10845 | D:8      | the staircase to the Lair was a mimic.
 11047 | D:8      | Reached skill level 5 in Dodging
 11359 | D:8      | Found a radiant altar of Vehumet.
 11623 | D:8      | Reached skill level 5 in Fighting
 12099 | D:8      | Paralysed by a giant eyeball for 2 turns
 12405 | D:8      | Acquired Sif Muna's third power
 12503 | D:9      | Reached skill level 10 in Earth Magic
 12702 | D:9      | Reached skill level 1 in Invocations
 13255 | D:9      | Found Crimegow's Gadget Emporium.
 13448 | D:9      | Reached XP level 11. HP: 65/65 MP: 18/25
 13552 | D:9      | Reached skill level 5 in Invocations
 13976 | D:9      | Reached skill level 11 in Earth Magic
 13996 | D:9      | Noticed a five-headed hydra zombie
 14036 | D:9      | Killed a five-headed hydra zombie
 14953 | D:9      | Reached skill level 12 in Earth Magic
 15397 | D:9      | Learned a level 1 spell: Apportation
 15452 | D:10     | Entered Level 10 of the Dungeon
 15586 | D:10     | Paralysed by a giant eyeball for 2 turns
 16770 | D:10     | Upgraded the game from 0.13-a0-1762-gc06daff to 0.13-a0-2133-ge955d09
 16770 | D:10     | Upgraded the game from 0.13-a0-2133-ge955d09 to 0.13-a0-2348-g42d4ca8
 16770 | D:10     | Quit the game

Action                   |  1- 3 |  4- 6 |  7- 9 | 10-12 || total
-------------------------+-------+-------+-------+-------++-------
Melee: Whip              |       |       |       |   128 ||   128
 Cast: Magic Dart        |    89 |    96 |   178 |   191 ||   554
       Mephitic Cloud    |       |     2 |     7 |     4 ||    13
       Conjure Flame     |       |     4 |    12 |    27 ||    43
       Stone Arrow       |       |     9 |   119 |   231 ||   359
       Stoneskin         |       |       |     3 |     4 ||     7
       Repel Missiles    |       |       |     3 |     3 ||     6
       Blink             |       |       |       |     1 ||     1
Invok: Channel Energy    |       |       |     9 |    44 ||    53
Evoke: Wand              |       |     3 |       |     4 ||     7
  Use: Scroll            |       |     5 |     1 |    19 ||    25
       Potion            |       |     3 |       |       ||     3
